 Dungeon Crawl Stone Soup version 0.29-a0-529-gfa20dd96a1 (webtiles) character file.

Game seed: 14599831737322294248

2400 dracfodder the Geomancer (level 9, 0/46 HPs)
             Began as a Gargoyle Earth Elementalist on June 2, 2022.
             Killed from afar by a steam dragon (5 damage)
             ... with a ball of steam
             ... on level 6 of the Dungeon.
             The game lasted 00:30:32 (7622 turns).

dracfodder the Geomancer (GrEE)                     Turns: 7622, Time: 00:30:33

Health: 0/46       AC: 10    Str: 14    XL:     9   Next: 46%
Magic:  19/19      EV: 12    Int: 21    God:
Gold:   91         SH:  0    Dex: 13    Spells: 16/22 levels left

rFire   . . .      SeeInvis .   a - +8 hand axe of Integrity {vorpal, rC+ rCorr Str+3 Dex+3}
rCold   + . .      Faith    .   (no shield)
rNeg    + . .      Spirit   .   b - +0 robe
rPois   ∞          Reflect  .   (no helmet)
rElec   +          Harm     .   o - scarf {+Inv}
rCorr   +          Rampage  .   (no gloves)
Will    .....                   i - +1 pair of boots
Stlth   +++.......              (no amulet)
HPRegen 0.15/turn               l - ring of wizardry
MPRegen 0.16/turn               (no ring)

@: no status effects
A: sickness immunity, AC +6, negative energy resistance 1, electricity
resistance, torment resistance 1, petrification resistance
a: Evoke Invisibility


You were on level 6 of the Dungeon.
You visited 1 branch of the dungeon, and saw 6 of its levels.

You collected 291 gold pieces.
You spent 200 gold pieces at shops.

Inventory:

Hand Weapons
 a - the +8 hand axe of Integrity (weapon) {vorpal, rC+ rCorr Str+3 Dex+3}
   (You bought it in a shop on level 5 of the Dungeon)

   It inflicts extra damage upon your enemies.
   Str:       It affects your strength (+3).
   Dex:       It affects your dexterity (+3).
   rC:        It protects you from cold.
   rCorr:     It protects you from acid and corrosion.
 B - the +10 falchion of Caumuv {speed, rF+}
   (You found it on level 6 of the Dungeon)

   Attacks with this weapon are significantly faster.
   rF:        It protects you from fire.
Missiles
 f - a throwing net
 w - 107 stones
Armour
 b - a +0 robe (worn)
 i - a +1 pair of boots (worn)
 o - a scarf of invisibility (worn)
Jewellery
 l - a ring of wizardry (left hand)
Wands
 e - a wand of acid (8)
 r - a wand of iceblast (4)
Scrolls
 n - 5 scrolls of identify
 p - 4 scrolls of teleportation
 x - a scroll of noise {unknown}
 y - a scroll of torment {unknown}
 A - a scroll of amnesia {unknown}
Potions
 c - 2 potions of magic
 d - 2 potions of lignification
 h - a potion of resistance {unknown}
 j - a potion of flight {unknown}
 k - a potion of ambrosia {unknown}
 m - a potion of berserk rage {unknown}
 q - 2 potions of invisibility {unknown}
 s - a potion of degeneration {unknown}
 t - a potion of haste {unknown}
 u - a potion of heal wounds {unknown}
 v - 3 potions of cancellation {unknown}
 z - 2 potions of attraction {unknown}


   Skills:
 + Level 0.6 Fighting
 + Level 1.2(1.3) Axes
 + Level 0.8(1.2) Maces & Flails
 + Level 2.3 Dodging
 + Level 4.2 Stealth
 + Level 7.0 Spellcasting
 * Level 6.5 Conjurations
 + Level 1.0 Transmutations
 + Level 8.5 Earth Magic
 + Level 0.4 Evocations


You had 16 spell levels left.
You knew the following spells:

 Your Spells              Type           Power      Damage    Failure   Level
a - Sandblast             Erth           86%        2d18      1%          1
b - Stone Arrow           Conj/Erth      78%        3d11      1%          3
c - Passwall              Tmut/Erth      22%        N/A       1%          2

Your spell library contained the following spells:

 Spells                   Type           Power      Damage    Failure   Level
 Dazzling Flash           Conj/Hex       42%        N/A       2%          3
 Petrify                  Tmut/Erth      27%        N/A       4%          4
 Borgnjor's Vile Clutch   Necr/Erth      12%        N/A       16%         5
 Irradiate                Conj/Tmut      11%        3d17      21%         5
 Animate Dead             Necr           7%         N/A       32%         4
 Agony                    Necr           7%         N/A       65%         5
 Silence                  Hex/Air        3%         N/A       65%         5
 Death Channel            Necr           3%         N/A       99%         6
 Sublimation of Blood     Necr           Unusable   N/A       N/A         2

Dungeon Overview and Level Annotations

Branches:
Dungeon (6/15)
 Temple: D:4-7

Altars:
Ashenzari
Dithmenos
Makhleb
Okawaru
Uskayaw
Yredelemnul

Shops:
D:1 (   D:5 (


Innate Abilities, Weirdness & Mutations

You are immune to sickness and miasma.
Your stone body is resilient. (AC +6)
You are immune to poison.
You resist negative energy. (rN+)
You are resistant to electric shocks. (rElec)
You are resistant to unholy torment.
You are immune to petrification.


Message History

An orc comes into view. It is wielding a +0 mace.
The orc shouts!
The steam dragon hisses angrily.
The steam dragon breathes steam at you.
The ball of steam hits the orc!!
The orc dies!
The ball of steam hits you.
An orc comes into view. It is wielding a +0 flail.
The orc shouts!
You are engulfed in a cloud of scalding steam.
An orc comes into view. It is wielding a +0 falchion.
You are engulfed in a cloud of scalding steam.
The orc shouts!
The orc moves out of view.
You hit the orc.
The orc is severely wounded.
The orc is engulfed in a cloud of scalding steam.
The orc dies!
An orc comes into view. It is wielding a +0 mace.
You are engulfed in a cloud of scalding steam.
The steam dragon breathes steam at you.
The ball of steam hits the orc!
The orc dies!
The ball of steam misses you.
You are engulfed in a cloud of scalding steam.
The steam dragon barely misses you. x2
Items here: $ )) [ †.
You hit the steam dragon.
The steam dragon is lightly wounded.
You hit the orc but do no damage.
You are engulfed in a cloud of scalding steam.
* * * LOW HITPOINT WARNING * * *
The steam dragon bites you.
* * * LOW HITPOINT WARNING * * *
The steam dragon claws you but does no damage.
You feel better.
You are engulfed in a cloud of scalding steam.
* * * LOW HITPOINT WARNING * * *
The steam dragon breathes steam at you. The ball of steam hits you.
You die...

......## >......##
#...... ........#
#.....# ....##..#####
#....#
...####.....####...###
...##....#...........###
..##...##..............#
.#...###................
...####.....§...@Do..#
.### #........#)o.......
## #........##.........
#.......###.........
#......## #.........
#........ .......... #
#....#..# ≈###...... #
...#... #≈ .....#


You could see a steam dragon (catching breath) and 2 orcs.

Vanquished Creatures
  Pikel (D:5)
  A shadow (D:6)
  2 water moccasins
  2 orc warriors (D:6)
  3 black bears
  A centaur (D:5)
  2 phantoms (D:6)
  2 necrophages (D:6)
  A water moccasin zombie (D:4)
  2 scorpions
  A howler monkey (D:6)
  3 jellies
  5 hounds
  3 iguanas
  Ijyb (D:3)
  An orc wizard (D:6)
  A gnoll (D:6)
  6 adders
  2 white imps (D:6)
  An ufetubus (D:4)
  An adder zombie (D:4)
  2 worms
  A dart slug (D:3)
  6 orcs
  7 bats
  8 endoplasms
  5 giant cockroaches
  9 goblins
  5 hobgoblins
  9 jackals
  5 quokkas
  9 ball pythons
  A frilled lizard (D:1)
  11 kobolds
  8 rats
128 creatures vanquished.

Vanquished Creatures (others)
  3 orcs (D:6)
3 creatures vanquished.

Grand Total: 131 creatures vanquished

Notes
Turn   | Place    | Note
-------+----------+-------------------------------------------
     0 | D:1      | dracfodder the Gargoyle Earth Elementalist began the quest
                  | for the Orb.
     0 | D:1      | Reached XP level 1. HP: 10/10 MP: 3/3
    72 | D:1      | Found Koulah's Weapon Shoppe.
   290 | D:1      | Reached skill level 1 in Conjurations
   327 | D:1      | Reached skill level 1 in Transmutations
   327 | D:1      | Reached XP level 2. HP: 15/15 MP: 3/5
   353 | D:1      | Reached skill level 4 in Earth Magic
   817 | D:1      | Reached XP level 3. HP: 19/19 MP: 4/6
  1532 | D:1      | Found a faded altar of an unknown god.
  1951 | D:2      | Reached XP level 4. HP: 22/24 MP: 2/7
  1955 | D:2      | Learned a level 3 spell: Stone Arrow
  1958 | D:2      | Learned a level 2 spell: Passwall
  2769 | D:3      | Found a hide-covered altar of Uskayaw.
  2966 | D:3      | Noticed Ijyb
  2974 | D:3      | Killed Ijyb
  2975 | D:3      | Reached skill level 5 in Earth Magic
  3329 | D:3      | Reached XP level 5. HP: 28/28 MP: 7/9
  4173 | D:4      | Noticed a black bear
  4178 | D:4      | Killed a black bear
  4179 | D:4      | Reached XP level 6. HP: 32/32 MP: 3/11
  4388 | D:4      | Reached skill level 6 in Earth Magic
  4440 | D:4      | Found a basalt altar of Yredelemnul.
  4481 | D:4      | Reached XP level 7. HP: 36/36 MP: 4/13
  4848 | D:5      | Entered Level 5 of the Dungeon
  4868 | D:5      | Noticed Pikel
  4875 | D:5      | Killed Pikel
  4876 | D:5      | Reached skill level 5 in Spellcasting
  4876 | D:5      | Reached skill level 7 in Earth Magic
  4876 | D:5      | Reached XP level 8. HP: 40/41 MP: 0/15
  5789 | D:5      | Found Xez Cip's Antique Weapon Emporium.
  5896 | D:5      | Bought a faintly glowing hand axe for 200 gold pieces
  5896 | D:5      | Identified the +8 hand axe of Integrity {vorpal, rC+ rCorr
                  | Str+3 Dex+3} (You bought it in a shop on level 5 of the
                  | Dungeon)
  6024 | D:5      | Found a burning altar of Makhleb.
  6242 | D:5      | Reached skill level 5 in Conjurations
  6625 | D:6      | Noticed a shadow
  6631 | D:6      | Killed a shadow
  6632 | D:6      | Reached skill level 8 in Earth Magic
  6829 | D:6      | Reached XP level 9. HP: 46/46 MP: 8/18
  6907 | D:6      | Reached skill level 1 in Axes
  7563 | D:6      | Found a shadowy altar of Dithmenos.
  7565 | D:6      | Found an iron altar of Okawaru.
  7568 | D:6      | Found a broken altar of Ashenzari.
  7571 | D:6      | Identified the +10 falchion of Caumuv {speed, rF+}
  7622 | D:6      | Killed from afar by a steam dragon

Illustrated notes

Levels and vault maps discovered:
D:1:      onia_arrival_pentagram, layout_basic, serial_shops, shop,
          hellmonk_ecumenical_altar_prayer_group,
          chequers_hall_statues_corner_a, minmay_pentomino_t4
D:2:      layout_loops_cross
D:3:      layout_basic, mainiacjoe_overflow_24_doors, uniq_ijyb
D:4:      layout_rooms, lemuel_zombie_altar_yredelemnul,
          nicolae_ossuary_entry_monument, chequers_jeans
D:5:      layout_loops_corners, lightli_temple_of_fire, serial_shops,
          nicolae_square_shop, amcnicky_mini_pool_small, uniq_pikel
D:6:      minmay_bubble_buster, layout_cave_pods, lemuel_doored_altar,
          minitemple, hex_tiny, grunt_decor_cap, grunt_decor_fettered

Skill      XL: |  1  2  3  4  5  6  7  8  9 |
---------------+----------------------------+-----
Conjurations   | 1 2 3 4 5 6 |  6.5
Transmutations | 1 |  1.0
Earth Magic    | 4 5 6 7 8 |  8.5
Spellcasting   | 3 4 5 6 7 |  7.0
Stealth        | 3 4 |  4.2
Dodging        | 2 |  2.3
Axes           | 1 |  1.2
Fighting       | |  0.6
Maces & Flails | |  0.8
Evocations     | |  0.4

Action                   |  1- 3 |  4- 6 |  7- 9 || total
-------------------------+-------+-------+-------++-------
Melee: Club              |    12 |       |       ||    12
       Mace              |       |    21 |       ||    21
       Hand axe          |       |       |    21 ||    21
 Cast: Sandblast         |    52 |    39 |    37 ||   128
       Stone Arrow       |       |    24 |    50 ||    74
 Abil: Evoke Invisibilit |       |       |     1 ||     1
  Use: Scroll            |     2 |     3 |     2 ||     7
       Potion            |       |       |     3 ||     3
 Stab: Sleeping          |       |       |     1 ||     1
Armor: Robe              |     9 |    22 |    20 ||    51
       Skin              |       |       |     5 ||     5
Dodge: Dodged            |    10 |    29 |    34 ||    73

Table legend: (Time is in decaauts)
 A = Elapsed time spent in this place.
 B = Non-inter-level travel time spent in this place.
 C = Inter-level travel time spent in this place.
 D = Time resting spent in this place.
 E = Time spent auto-exploring this place.
 F = Levels seen in this place.
 G = Mean time per level.
                   A        B        C        D        E       F      G
               +--------+--------+--------+--------+--------+-----+--------+
         Total |   7636 |   7482 |    154 |   1390 |   5172 |   6 | 1272.7 |
       Dungeon |   7636 |   7482 |    154 |   1390 |   5172 |   6 | 1272.7 |
               +--------+--------+--------+--------+--------+-----+--------+

Top non-repeatable levels by time:
     D:5: 1621 daAuts
     D:1: 1565 daAuts
     D:3: 1267 daAuts
     D:6: 1157 daAuts
     D:2: 1033 daAuts
     D:4: 991 daAuts
